 Dungeon Crawl Stone Soup version 0.32-a0-898-g7811c86cf0 (webtiles) character file.

Game seed: 13555714008100290141

2090 jestert79 the Cleaver (level 9, -2/72 (74) HPs)
             Began as a Mountain Dwarf Fighter on Apr 4, 2024.
             Was a Follower of Beogh.
             Slain by a wight
             ... wielding a +4 halberd of freezing
              (5 damage)
             ... on level 7 of the Dungeon.
             The game lasted 00:08:30 (5709 turns).

jestert79 the Cleaver (Mountain Dwarf Fighter)      Turns: 5709, Time: 00:08:31

HP:   -2/72 (74)    AC: 15    Str: 21    XL:     9   Next: 6%
MP:   9/9           EV: 14    Int: 11    God:    Beogh [*.....]
Gold: 460           SH:  4    Dex:  9    Spells: 8/8 levels left

rFire   . . .        a - +0 broad axe
rCold   . . .        c - +0 buckler
rNeg    . . .        j - +4 ring mail of the Alphagorgon {SInv}
rPois   .            (no helmet)
rElec   .            n - +1 cloak
rCorr   .            i - +1 pair of gloves
SInv    +            r - +0 pair of boots
Will    .....        (no amulet) Stlth
                     q - +5 ring of evasion
HPRegen 0.32/turn    e - ring of flight
MPRegen 0.11/turn

%: no passive effects
@: flying, lightly drained
A: runic magic, artefact enchanting
a: Renounce Religion


You were on level 7 of the Dungeon.
You worshipped Beogh.
Beogh was aware of your devotion.
You visited 1 branch of the dungeon, and saw 7 of its levels.

You collected 460 gold pieces.

Inventory:

Hand Weapons
 a - a +0 broad axe (weapon)
 b - a +0 war axe
Armour
 c - a +0 buckler (worn)
 i - a +1 pair of gloves (worn)
 j - the +4 ring mail of the Alphagorgon (worn) {SInv}
   (You found it on level 5 of the Dungeon)

   SInv:      It lets you see invisible.
 n - a +1 cloak (worn)
 p - a +2 kite shield
 r - a +0 pair of boots (worn)
Jewellery
 e - a ring of flight (right hand)
 g - a ring of magical power
 q - a +5 ring of evasion (left hand)
Wands
 u - a wand of paralysis (11)
 y - a wand of iceblast (2)
Scrolls
 k - 2 scrolls of teleportation
 l - 2 scrolls of noise
 s - 2 scrolls of immolation
 t - 2 scrolls of poison
 A - a scroll of fog
Potions
 d - 2 potions of might
 f - a potion of enlightenment {unknown}
 h - 2 potions of curing
 m - a potion of lignification {unknown}
 o - 2 potions of invisibility
 v - a potion of brilliance
 w - a potion of degeneration {unknown}
 x - 2 potions of heal wounds {unknown}
 z - a potion of ambrosia
 C - a potion of haste {unknown}


   Skills:
 + Level 5.4 Fighting
 + Level 12.2 Axes
 - Level 3.2 Armour
 + Level 6.3 Shields


You had 8 spell levels left.
You didn't know any spells.
Your spell library was empty.

Dungeon Overview and Level Annotations

Branches:
Dungeon (7/15)             Temple (0/1) D:5

Altars:
Ashenzari
Elyvilon
Fedhas
Gozag
Okawaru
Qazlal
Uskayaw
Vehumet
Xom
Zin
The Shining One

Annotations:
D:5 2 transporters, ratmeat3's ghost, novice OpFi


Innate Abilities, Weirdness & Mutations

Your spellcasting is much less encumbered by armour.
You can use scrolls of enchantment on lesser artefacts.


Message History

The wight hits you but does no damage. The wight barely misses you.
Unknown command.
You barely miss the wight.
The wight is heavily damaged.
You hit the wight. The wight closely misses you. The wight barely misses you.
The wight hits you but does no damage.
Unknown command.
You closely miss the wight.
The wight is heavily damaged.
You hit the shadow imp. You hit the wight.
You destroy the wight!
Beogh accepts your kill. The shadow imp hits you. The wight barely misses you.
The wight hits you from afar with a +4 halberd of freezing!
The wight freezes you! You block the shadow imp's attack.
The wight hits you with a +2 trident!
You slash the wight!
The wight is almost destroyed.
You barely miss the shadow imp. The wight barely misses you.
You block the shadow imp's attack. You block the wight's attack.
The wight hits you from afar with a +4 halberd of freezing!
* * * LOW HITPOINT WARNING * * *
You feel drained.
* * * LOW HITPOINT WARNING * * *
The wight freezes you.
* * * LOW HITPOINT WARNING * * *
You closely miss the wight.
The wight is almost destroyed.
You slash the shadow imp!
You kill the shadow imp!
Beogh accepts your kill. You block the wight's attack. x2
Unknown command.
You closely miss the wight.
The wight is almost destroyed.
The wight closely misses you.
The wight hits you from afar with a +4 halberd of freezing!
* * * LOW HITPOINT WARNING * * *
The wight freezes you.
You die...

#+ ... .. .... ### #.#
..... ##.###.#
....=.####...##.##
......zzz@........
......####)..##.##
..... ##.###.## ....
#.......# ...
#.####..# #+#
####.###...# #.#
#......#.#.# #.#
#.##.......#
#####.#####.####.#.###


You could see 3 wights.

Vanquished Creatures
  A sky beast (D:7)
  A black bear (D:6)
  2 ice beasts (D:6)
  2 ogres
  2 centaurs
  A phantom (D:5)
  2 bullfrogs
  3 scorpions
  A wight (D:7)
  6 killer bees (D:7)
  3 howler monkeys
  A bombardier beetle (D:5)
  3 hounds
  A jelly (D:7)
  4 iguanas
  2 sleepcaps
  Terence (D:3)
  An orc wizard (D:6)
  3 gnolls (D:5)
  9 adders
  2 shadow imps
  2 dart slugs
  2 ribbon worms
  14 orcs
  7 bats
  8 endoplasms
  3 giant cockroaches (D:1)
  6 goblins
  7 hobgoblins
  10 jackals
  2 quokkas (D:2)
  7 ball pythons
  3 frilled lizards
  5 kobolds (D:1)
  3 rats
130 creatures vanquished.

Notes
Turn   | Place    | Note
-------+----------+-------------------------------------------
     0 | D:1      | jestert79 the Mountain Dwarf Fighter began the quest for
                  | the Orb.
     0 | D:1      | Reached XP level 1. HP: 19/19 MP: 1/1
    27 | D:1      | Reached skill level 3 in Axes
    79 | D:1      | Reached XP level 2. HP: 24/26 MP: 2/2
   240 | D:1      | Reached skill level 4 in Axes
   297 | D:1      | Found a faded altar of an unknown god.
   432 | D:1      | Reached XP level 3. HP: 26/31 MP: 3/3
   998 | D:2      | Found a broken altar of Ashenzari.
  1093 | D:2      | Reached skill level 5 in Axes
  1418 | D:3      | Reached XP level 4. HP: 38/38 MP: 4/4
  1902 | D:3      | Found a shimmering altar of Xom.
  2079 | D:3      | Noticed Terence
  2094 | D:3      | Killed Terence
  2095 | D:3      | Reached skill level 6 in Axes
  2440 | D:4      | Reached XP level 5. HP: 35/45 MP: 5/5
  2721 | D:4      | Found an iron altar of Okawaru.
  3148 | D:4      | Reached skill level 7 in Axes
  3274 | D:4      | Noticed an ogre
  3291 | D:4      | Killed an ogre
  3292 | D:4      | Reached XP level 6. HP: 33/51 MP: 6/6
  3380 | D:4      | Reached skill level 8 in Axes
  3445 | D:5      | Entered Level 5 of the Dungeon
  3564 | D:5      | Found a staircase to the Ecumenical Temple.
  3574 | D:5      | Became a worshipper of Beogh the Shepherd
  3620 | D:5      | Identified the +9 hand axe "Fimujeov" {vamp, Str-5 Dex+6
                  | SInv}
  3648 | D:5      | Identified the +4 ring mail of the Alphagorgon {SInv}
  3694 | D:5      | Reached skill level 9 in Axes
  3732 | D:5      | Reached XP level 7. HP: 55/57 MP: 7/7
  3766 | D:5      | Found a transporter.
  3980 | D:5      | Reached skill level 10 in Axes
  4203 | D:5      | Noticed ratmeat3's ghost (novice OpFi)
  4229 | D:5      | Found a transporter.
  4400 | D:6      | Reached skill level 11 in Axes
  4503 | D:6      | Reached * piety under Beogh
  4504 | D:6      | Reached XP level 8. HP: 46/63 MP: 8/8
  4756 | D:6      | Found a stormy altar of Qazlal.
  4842 | D:6      | Found a glowing silver altar of Zin.
  4843 | D:6      | Found a glowing golden altar of the Shining One.
  4844 | D:6      | Found a white marble altar of Elyvilon.
  4876 | D:6      | Reached skill level 5 in Shields
  4930 | D:6      | Found an opulent altar of Gozag.
  4932 | D:6      | Found a radiant altar of Vehumet.
  4933 | D:6      | Found a blossoming altar of Fedhas.
  4935 | D:6      | Found a hide-covered altar of Uskayaw.
  5413 | D:7      | Reached skill level 12 in Axes
  5582 | D:7      | Reached skill level 5 in Fighting
  5670 | D:7      | Reached XP level 9. HP: 73/74 MP: 9/9
  5709 | D:7      | HP: 3/72 [wight/+4 halberd of freezing (10)]
  5709 | D:7      | Slain by a wight

Illustrated notes

Levels and vault maps discovered:
D:1:      arrival_zaba_pyramid, layout_loops_ring,
          dilly_ecumenical_altar_fadedgnrine
D:2:      layout_loops_ring, basic_altar
D:3:      layout_loops_ring, regret_index_xom_buried_treasure,
          nicolae_figureground_pulse, uniq_terence
D:4:      layout_layer_cave, okawaru_metal_pillars_1_2
D:5:      layout_cave_pools, minmay_temple_entry_proselytizer,
          gammafunk_ghost_hive, grunt_ministairs_7, kennysheep_generic_room_7
D:6:      layout_basic, good_gods_mini_temple, minitemple
D:7:      layout_loops_corners, nicolae_ru_the_path_less_chosen, st_stairs_8,
          minmay_starry_boxes

Skill      XL: |  1  2  3  4  5  6  7  8 |
---------------+-------------------------+-----
Axes           | 3 4 5 6 7 9 11 12 | 12.2
Shields        | 4 6 |  6.3
Fighting       | 5 |  5.4
Armour         | |  3.2

Action                     |  1- 3 |  4- 6 |  7- 9 || total
---------------------------+-------+-------+-------++-------
  Melee: War axe           |   129 |    83 |       ||   212
         Broad axe         |       |    73 |   190 ||   263
 Invoke: Convert to Beogh  |       |     1 |       ||     1
    Use: Scroll            |       |     8 |     4 ||    12
 Armour: Scale mail        |   118 |    46 |       ||   164
         Chain mail        |       |    44 |       ||    44
         Ring mail         |       |     8 |   115 ||   123
  Dodge: Dodged            |    54 |    95 |   141 ||   290
  Block: Buckler           |    27 |    31 |    45 ||   103

Table legend: (Time is in decaauts)
 A = Elapsed time spent in this place.
 B = Non-inter-level travel time spent in this place.
 C = Inter-level travel time spent in this place.
 D = Time resting spent in this place.
 E = Time spent auto-exploring this place.
 F = Levels seen in this place.
 G = Mean time per level.
                   A        B        C        D        E       F      G
               +--------+--------+--------+--------+--------+-----+--------+
         Total |   5805 |   5552 |    253 |    528 |   3820 |   7 |  829.3 |
       Dungeon |   5805 |   5552 |    253 |    528 |   3820 |   7 |  829.3 |
               +--------+--------+--------+--------+--------+-----+--------+

Top non-repeatable levels by time:
     D:3: 1082 daAuts
     D:4: 1079 daAuts
     D:6: 914 daAuts
     D:5: 840 daAuts
     D:1: 813 daAuts
     D:2: 617 daAuts
     D:7: 457 daAuts
